 Dungeon Crawl Stone Soup version 0.27-a0-249-g74f53ef629 (webtiles) character file.

Game seed: 533611081410508817

198 sahdkjhfkaj the Digger (level 6, 0/38 HPs)
             Began as a Kobold Earth Elementalist on Feb 3, 2021.
             Was an Initiate of Gozag.
             Succumbed to a worker ant's poison
             ... on level 2 of the Dungeon.
             The game lasted 00:03:05 (3106 turns).

sahdkjhfkaj the Digger (Kobold Earth Elementalist)  Turns: 3106, Time: 00:03:05

Health: 0/38       AC:  4    Str:  5    XL:     6   Next: 5%
Magic:  0/9        EV: 15    Int: 18    God:    Gozag
Gold:   130        SH:  0    Dex: 16    Spells: 3/9 levels left

rFire    . . .     SeeInvis .   d - +0 short sword
rCold    . . .     Faith    .   (shield restricted)
rNeg     . . .     Spirit   .   c - +0 robe
rPois    .         Reflect  .   (no helmet)
rElec    .         Harm     .   (no cloak)
rCorr    .         Rampage  .   (no gloves)
Will     .....                  (no boots)
Stlth    +++.......             (no amulet)
HPRegen  0.12/turn              (no ring)
MPRegen  0.11/turn              (no ring)

@: lethally poisoned (0 -> -5)
A: small, talons 1, icy blue scales 1, nightstalker 3, robust 1
a: Renounce Religion, Potion Petition, Call Merchant, Bribe Branch


You were on level 2 of the Dungeon.
You worshipped Gozag.
Gozag was aware of your devotion.
You visited 1 branch of the dungeon, and saw 3 of its levels.

You collected 152 gold pieces.
You paid 22 gold pieces to Gozag.

Inventory:

Hand Weapons
 d - a +0 short sword (weapon)
Missiles
 b - 81 stones
 i - 2 throwing nets {!f}
Armour
 c - a +0 robe (worn)
Jewellery
 f - an uncursed amulet of magic regeneration {unknown}
 g - an uncursed ring of protection from fire {unknown}
Scrolls
 a - a scroll of teleportation {unknown}
 e - 3 scrolls of identify {unknown}
 j - a scroll of noise {unknown}
Potions
 h - a potion of mutation


   Skills:
 - Level 2.0 Fighting
 + Level 3.8 Short Blades
 - Level 2.4 Dodging
 - Level 2.6 Stealth
 - Level 2.1 Spellcasting
 - Level 1.0 Transmutations
 - Level 5.0 Earth Magic


You had 3 spell levels left.
You knew the following spells:

 Your Spells              Type           Power        Failure   Level
a - Sandblast             Erth           38%          2%          1
b - Passwall              Tmut/Erth      10%          8%          2
c - Stone Arrow           Conj/Erth      20%          19%         3

Your spell library contained the following spells:

 Spells                   Type           Power        Failure   Level
 Petrify                  Tmut/Erth      12%          45%         4
 Lee's Rapid Deconstruct  Erth           9%           54%         5


Dungeon Overview and Level Annotations

Branches:
Dungeon (3/15)

Altars:
Gozag


Innate Abilities, Weirdness & Mutations

You are small and have problems with some larger weapons.
You are completely attuned to the shadows.
You have sharp toenails.
You are partially covered in icy blue scales. (AC +2)
You are robust. (+10% HP)


Message History

* * * LOW HITPOINT WARNING * * *
You feel sick. The worker ant closely misses you.
You barely miss the worker ant.
The worker ant is severely wounded.
* * * LOW HITPOINT WARNING * * *
You feel sick. The worker ant barely misses you.
Unknown command.
Unknown command.
Unknown command.
Unknown command.
Unknown command.
You hit the worker ant but do no damage.
The worker ant is severely wounded.
The worker ant bites you but does no damage.
Unknown command.
Unknown command.
You hit the worker ant but do no damage.
The worker ant is severely wounded.
You die...
Your body crumbles into a pile of gold.

##################
#.................
#.####.#######....
#.#.........###...
####.#.##.#..)..##.##
#.......#.#.##..##...
##....#..#.#.#........
#.....#..#.#.#..#<)...
#...[@.........)).....
#....B#..#......#.....
##....#.........##....
#.....>[#....#.###...
##.#.#.........# ###.
#.#.#.##.#.#### ##.
#.#....#.#.# #..
###.##.#.....# #..
#.....###....#######.#


You could see a worker ant.

Vanquished Creatures
  11 gnolls (D:2)
  3 adders
  A worm (D:2)
  2 dart slugs
  2 leopard geckos (D:1)
  3 orcs
  A ball python (D:2)
  9 goblins
  2 hobgoblins
  4 jackals
  A quokka (D:2)
  5 bats
  4 frilled lizards (D:1)
  5 kobolds
  8 rats
61 creatures vanquished.

Notes
Turn   | Place    | Note
-------+----------+-------------------------------------------
     0 | D:1      | sahdkjhfkaj the Kobold Earth Elementalist began the quest
                  | for the Orb.
     0 | D:1      | Reached XP level 1. HP: 10/10 MP: 3/3
   209 | D:1      | Reached XP level 2. HP: 10/15 MP: 1/5
   942 | D:1      | Reached skill level 4 in Earth Magic
   942 | D:1      | Reached XP level 3. HP: 19/19 MP: 4/6
   946 | D:1      | Learned a level 3 spell: Stone Arrow
  1153 | D:1      | Learned a level 2 spell: Passwall
  1287 | D:1      | Reached XP level 4. HP: 8/24 MP: 0/7
  1532 | D:2      | Reached skill level 5 in Earth Magic
  1540 | D:1      | Gained mutation: You are partially covered in icy blue
                  | scales. (AC +2) [potion of mutation]
  1540 | D:1      | Gained mutation: You are robust. (+10% HP) [potion of
                  | mutation]
  1540 | D:1      | Gained mutation: You have sharp toenails. [potion of
                  | mutation]
  1870 | D:2      | Reached skill level 1 in Short Blades
  1909 | D:2      | Reached skill level 1 in Fighting
  1911 | D:2      | Reached XP level 5. HP: 31/31 MP: 3/8
  2317 | D:2      | Found an opulent altar of Gozag.
  2325 | D:2      | Became a worshipper of Gozag Ym Sagoz the Greedy
  2616 | D:2      | Reached XP level 6. HP: 38/38 MP: 5/9
  3104 | D:2      | HP: 1/38 [poisoned by a worker ant]
  3106 | D:2      | Succumbed to a worker ant's poison

Illustrated notes

Levels and vault maps discovered:
D:1:      dpeg_arrival_chambers_temple_mockup, layout_rooms, serial_forest,
          infiniplex_forest_lined_1, infiniplex_forest_lined_3,
          infiniplex_forest_clump_diagonal, infiniplex_forest_straight_2,
          infiniplex_forest_lined_2, infiniplex_forest_clump_small,
          infiniplex_forest_clump_curved, infiniplex_forest_lined_2
D:2:      layout_loops_ring, grunt_gozag_statues
D:3:      lemuel_upstairs_altar, layout_rooms, nicolae_ru_awakened_eye,
          trog_butcher_becter, uniq_grinder

Skill      XL: |  1  2  3  4  5 |
---------------+----------------+-----
Earth Magic    | 4 5 |  5.0
Short Blades   | 1 3 |  3.8
Fighting       | 1 2 |  2.0
Dodging        | |  2.4
Stealth        | |  2.6
Spellcasting   | |  2.1
Transmutations | |  1.0

Action                   |  1- 3 |  4- 6 || total
-------------------------+-------+-------++-------
Melee: Short sword       |    25 |    47 ||    72
       Kick              |       |     8 ||     8
 Cast: Sandblast         |    29 |    54 ||    83
       Stone Arrow       |       |     9 ||     9
  Use: Potion            |       |     2 ||     2
 Stab: Sleeping          |     3 |       ||     3
Armor: Robe              |     3 |    16 ||    19
Dodge: Dodged            |    26 |    81 ||   107

Table legend: (Time is in decaauts)
 A = Elapsed time spent in this place.
 B = Non-inter-level travel time spent in this place.
 C = Inter-level travel time spent in this place.
 D = Time resting spent in this place.
 E = Time spent auto-exploring this place.
 F = Levels seen in this place.
 G = Mean time per level.
                   A        B        C        D        E       F      G
               +--------+--------+--------+--------+--------+-----+--------+
         Total |   3109 |   3026 |     83 |    212 |   2423 |   3 | 1036.3 |
       Dungeon |   3109 |   3026 |     83 |    212 |   2423 |   3 | 1036.3 |
               +--------+--------+--------+--------+--------+-----+--------+

Top non-repeatable levels by time:
     D:1: 1614 daAuts
     D:2: 1450 daAuts
     D:3: 44 daAuts
